 Dungeon Crawl Stone Soup version 0.24-a0-613-g1ff6aac338 (webtiles) character file.

Game seed: 5923289507171918892, levelgen mode: deterministic

4584 Peloso the Carver (level 10, -9/88 HPs)
             Began as a Minotaur Fighter on Sept 12, 2019.
             Was a Follower of Okawaru.
             Mangled by an orc knight
             ... wielding a +0 broad axe
              (28 damage)
             ... in a bailey.
             The game lasted 00:20:09 (9767 turns).

Peloso the Carver (Minotaur Fighter)                Turns: 9767, Time: 00:20:10

Health: -9/88      AC: 14    Str: 24    XL:     10   Next: 18%
Magic:  8/9        EV:  7    Int:  5    God:    Okawaru [*.....]
Gold:   154        SH: 11    Dex: 10    Spells: 9/9 levels left

rFire    . . .     SeeInvis .   a - +0 long sword
rCold    . . .     Gourm    .   c - +0 shield
rNeg     . . .     Faith    .   g - +0 plate armour (curse)
rPois    .         Spirit   .   (helmet restricted)
rElec    .         Reflect  .   (no cloak)
rCorr    +         Harm     .   (no gloves)
MR       .....                  (no boots)
Stlth    ..........             (no amulet)
HPRegen  0.24/turn              p - ring of resist corrosion
MPRegen  0.11/turn              (no ring)

@: no status effects
A: retaliatory headbutt, horns 2
a: Heroism, Renounce Religion


You were in a bailey.
You worshipped Okawaru.
Okawaru was aware of your devotion.
You were not hungry.

You visited 2 branches of the dungeon, and saw 8 of its levels.
You also visited: Sewer and Bailey.

You collected 303 gold pieces.
You spent 149 gold pieces at shops.

Inventory:

Hand Weapons
 a - a +0 long sword (weapon)
Armour
 b - a +0 chain mail
 c - a +0 shield (worn)
 g - a cursed +0 plate armour (worn)
Jewellery
 p - a ring of resist corrosion (left hand)
Scrolls
 e - a scroll of amnesia
 h - 2 scrolls of enchant weapon {unknown}
 k - 3 scrolls of magic mapping
 l - 3 scrolls of blinking {unknown}
 m - 2 scrolls of fog {unknown}
 n - a scroll of acquirement
 o - 3 scrolls of teleportation
 s - 3 scrolls of remove curse
Potions
 i - 3 potions of curing
 j - 4 potions of magic
Comestibles
 d - 2 chunks of flesh
 f - 9 rations


   Skills:
 + Level 7.9 Fighting
 + Level 10.8 Long Blades
 + Level 9.3 Armour
 + Level 3.1 Dodging
 + Level 1.5 Stealth
 + Level 8.9 Shields


You had 9 spell levels left.
You didn't know any spells.
Your spell library contained the following spells:

 Spells                   Type           Power        Failure   Level  Hunger
 Animate Skeleton         Necr           N/A          100%        1    ##.....
 Magic Dart               Conj           #...         100%        1    ##.....
 Pain                     Necr           #...         100%        1    ##.....
 Blink                    Tloc           N/A          100%        2    ###....
 Call Imp                 Summ           #.......     100%        2    ###....
 Slow                     Hex            #.......     100%        2    ###....
 Conjure Flame            Conj/Fire      #.......     100%        3    ####...
 Mephitic Cloud           Conj/Pois/Air  #.......     100%        3    ####...
 Regeneration             Chrm/Necr      #.........   100%        3    ####...
 Vampiric Draining        Necr           #.........   100%        3    ####...
 Animate Dead             Necr           N/A          100%        4    #####..


Dungeon Overview and Level Annotations

Branches:
Dungeon (7/15)             Temple (1/1) D:6           Sewer (visited)
 Bailey (1/1)

Altars:
Ashenzari
Dithmenos
Fedhas
Hepliaklqana
Kikubaaqudgha
Makhleb
Nemelex Xobeh
Ru
Sif Muna
Trog
Uskayaw
Vehumet
Wu Jian
Xom
Yredelemnul
Zin
The Shining One

Shops:
D:5 ?   D:6 %*:(}

Annotations:
D:4 2 transporters, nico3ck's ghost, amateur DsNe


Innate Abilities, Weirdness & Mutations

You reflexively headbutt those who attack you in melee.
You have a pair of horns on your head.


Message History

You barely miss the orc knight. You headbutt the orc knight!
The orc knight is severely wounded.
You block the orc knight's attack.
Your shield and plate armour prevent you from hitting the orc knight.
The orc knight is severely wounded.
You closely miss the orc knight. You headbutt the orc knight.
The orc knight is severely wounded.
The orc knight hits you with a +0 broad axe.
You hit the orc knight but do no damage.
The orc knight is severely wounded.
You hit the orc knight but do no damage.
The orc knight is severely wounded.
You feel like a meek peon again.
The orc knight hits you with a +0 broad axe!!
* * * LOW HITPOINT WARNING * * *
Your shield and plate armour prevent you from hitting the orc knight.
You headbutt the orc knight!
The orc knight is almost dead.
The orc knight hits you with a +0 broad axe!!
You die...

≈≈≈≈ ######≈≈≈≈...≈≈≈≈###
≈≈≈≈≈ ..#...........#..
≈≈≈≈≈≈###..#####'''#####..
≈≈≈≈≈≈#....#..'.....'..#..
≈≈≈≈≈≈#....#..'.....'..#..
≈≈≈≈≈≈≈#'####..#..⌠..#..###
≈≈≈≈≈≈≈;.#.....#.....#.....
≈≈≈≈≈≈≈≈.#.8...#.....#...8.
≈≈≈≈≈≈≈≈.#@....#######..)..
≈≈≈≈≈≈≈≈g#o8)###########)8.
≈≈≈≈≈≈≈≈.#g............))).
≈≈≈≈≈≈≈≈.#.8.............8.
≈≈≈≈≈≈≈÷.'.)......_......).
≈≈≈≈≈≈≈≈.##)#...........#)#
≈≈≈≈≈≈≈≈.#.)#############))
≈≈≈≈≈≈≈≈.#..#[[..+ +..))#..
≈≈≈≈≈≈≈≈.#..#[[..# #..))#..


You could see an orc knight and a hobgoblin.

Vanquished Creatures
  2 orc high priests (Bailey)
  An orc knight (Bailey)
  Grinder (D:2)
  6 orc warriors
  3 sky beasts (D:6)
  5 ogres
  5 big kobolds (Sewer)
  2 bullfrogs
  A water moccasin zombie (D:5)
  2 scorpions
  4 electric eels (Bailey)
  A howler monkey (D:4)
  2 hounds
  2 bullfrog skeletons
  A jelly (D:6)
  A gnoll shaman (D:5)
  2 worker ants
  A hound skeleton (D:5)
  6 gnolls
  14 adders
  8 river rats
  A shadow imp (D:5)
  5 oozes
  6 worms
  2 dart slugs (D:1)
  5 leopard geckos
  29 orcs
  7 giant cockroaches
  11 goblins
  17 hobgoblins
  A jackal (D:2)
  3 quokkas
  8 ball pythons
  7 bats
  2 frilled lizards
  2 gnoll zombies (D:4)
  2 jackal skeletons
  2 jackal zombies
  13 kobolds
  A quokka skeleton (D:2)
  A quokka zombie (D:5)
  11 rats
206 creatures vanquished.

Notes
Turn   | Place    | Note
-------+----------+-------------------------------------------
     0 | D:1      | Peloso the Minotaur Fighter began the quest for the Orb.
     0 | D:1      | Reached XP level 1. HP: 19/19 MP: 0/0
   139 | D:1      | Reached XP level 2. HP: 26/27 MP: 1/1
   666 | D:2      | Reached skill level 3 in Long Blades
   666 | D:2      | Reached XP level 3. HP: 33/33 MP: 2/2
   755 | D:2      | Reached skill level 1 in Dodging
   826 | D:2      | Reached XP level 4. HP: 34/40 MP: 3/3
  1220 | D:3      | Noticed Grinder
  1235 | D:2      | Reached skill level 4 in Long Blades
  1450 | D:2      | Paralysed by Grinder for 2 turns
  1464 | D:2      | Paralysed by Grinder for 6 turns
  1471 | D:2      | Killed Grinder
  1471 | D:2      | Reached skill level 5 in Long Blades
  1471 | D:2      | Reached skill level 5 in Armour
  1471 | D:2      | Reached XP level 5. HP: 7/47 MP: 4/4
  1471 | D:2      | Reached XP level 6. HP: 8/53 MP: 5/5
  3057 | D:4      | Reached skill level 6 in Long Blades
  3119 | D:4      | Found a burning altar of Makhleb.
  3159 | D:4      | Reached skill level 5 in Shields
  3159 | D:4      | Reached XP level 7. HP: 18/60 MP: 6/6
  3398 | D:4      | Found a transporter.
  3400 | D:4      | Found a transporter.
  3614 | D:4      | Found a basalt altar of Yredelemnul.
  4541 | D:4      | Noticed nico3ck's ghost (amateur DsNe)
  4554 | D:5      | Entered Level 5 of the Dungeon
  4747 | D:5      | Found Molocelayn's Magic Scroll Boutique.
  4751 | D:5      | Bought a scroll of magic mapping for 45 gold pieces
  4751 | D:5      | Bought a scroll of remove curse for 39 gold pieces
  4751 | D:5      | Bought a scroll of teleportation for 39 gold pieces
  4751 | D:5      | Bought a scroll of identify for 26 gold pieces
  4765 | D:5      | Reached skill level 5 in Fighting
  4765 | D:5      | Reached skill level 7 in Long Blades
  4919 | D:5      | Reached XP level 8. HP: 37/68 MP: 7/7
  4980 | D:5      | Found a hide-covered altar of Uskayaw.
  4981 | D:5      | Found a bloodstained altar of Trog.
  5083 | D:6      | Found Opao's Food Emporium.
  5087 | D:6      | Reached skill level 1 in Stealth
  5194 | D:6      | Found Wacip's Book Boutique.
  5293 | D:6      | Found a glowing drain.
  5308 | Sewer    | Entered a sewer
  5341 | Sewer    | Reached skill level 8 in Long Blades
  5868 | D:6      | Found Ilenkata's Weapon Emporium.
  5986 | D:6      | Reached skill level 9 in Long Blades
  5991 | D:6      | Reached XP level 9. HP: 65/75 MP: 8/8
  6254 | D:6      | Found Woim's Gadget Emporium.
  6399 | D:6      | Found a staircase to the Ecumenical Temple.
  6432 | Temple   | Entered the Ecumenical Temple
  6691 | D:6      | Found Xunwaxon's Assorted Antiques.
  7059 | D:7      | Found a flagged portal.
  7068 | Bailey   | Entered a bailey
  7908 | Bailey   | Found an iron altar of Okawaru.
  7908 | Bailey   | Noticed an orc high priest
  7908 | Bailey   | Noticed an orc high priest
  7917 | Bailey   | Noticed a smoke demon
  7917 | Bailey   | Noticed a hellwing
  7923 | Bailey   | Noticed an orange demon
  7924 | Bailey   | Noticed an orange demon
  7924 | Bailey   | Killed an orc high priest
  7924 | Bailey   | Reached skill level 10 in Long Blades
  7928 | Bailey   | Killed an orc high priest
  7938 | Bailey   | Became a worshipper of Warmaster Okawaru
  8477 | Bailey   | Noticed an orc knight
  8618 | Bailey   | Killed an orc knight
  8618 | Bailey   | Reached * piety under Okawaru
  8618 | Bailey   | Reached XP level 10. HP: 10/88 MP: 9/9
  9740 | Bailey   | Noticed an orc knight
  9767 | Bailey   | Mangled by an orc knight

Levels and vault maps discovered:
D:1:      minmay_arrival_arboretum_small, layout_basic
D:2:      minmay_alternating_diamond, layout_rooms
D:3:      layout_basic, serial_corexii_hall, corexii_hall_statues_t,
          chequers_hall_statues_wall_a, corexii_hall_statues_deadend,
          corexii_hall_statues_i, uniq_grinder
D:4:      layout_layer_cave, lemuel_zombie_altar_yredelemnul,
          lemuel_round_altar, gammafunk_ghost_mausoleum
D:5:      layout_basic, gammafunk_temple_overflow_statue, first_ration,
          serial_shops, shop
D:6:      layout_basic, minmay_temple_entry_antechambers, portal_sewer_entry_e,
          serial_shops, nicolae_shop_stone, shop, shop, kennysheep_mini, shop,
          minmay_fractal_squares_diagonal_5
D:7:      layout_basic, nicolae_qazlal_style_of_elements, enter_bailey_2
Temple:   nicolae_temple_figure_eight
Bailey:   bailey_axe_of_yendor_kennysheep, bailey

Skill      XL: |  1  2  3  4  5  6  7  8  9 |
---------------+----------------------------+-----
Fighting       | 4 5 6 7 |  7.9
Armour         | 4 5 6 7 9 |  9.3
Shields        | 4 5 7 8 |  8.9
Long Blades    | 3 5 6 7 9 10 | 10.8
Dodging        | 1 2 3 |  3.1
Stealth        | 1 |  1.5

Action                   |  1- 3 |  4- 6 |  7- 9 | 10-12 || total
-------------------------+-------+-------+-------+-------++-------
Melee: Long sword        |   100 |   141 |   332 |    60 ||   633
       Headbutt          |    18 |    19 |    67 |    14 ||   118
Invok: Heroism           |       |       |       |     2 ||     2
  Use: Potion            |       |     2 |     5 |     2 ||     9
       Scroll            |       |       |    10 |       ||    10
  Eat: Chunk             |       |     7 |    11 |     4 ||    22
       Ration            |       |       |     2 |       ||     2
Armor: Scale mail        |    53 |     5 |       |       ||    58
       Chain mail        |       |    35 |   105 |       ||   140
       Plate armour      |       |       |    19 |     8 ||    27
Dodge: Dodged            |    34 |    39 |    89 |    11 ||   173
Block: Shield            |    55 |    70 |   170 |    25 ||   320
       Rpst.: Long sword |    10 |    15 |    21 |     3 ||    49

Table legend:
 A = Non-vault XP
 B = Vault XP
 C = Vault XP percentage of total XP
 D = Non-vault monster count
 E = Vault monster count
 F = Vault count percentage of total count
                 A         B        C        D         E       F
            +---------+---------+-------+---------+---------+-------
      Total |    1697 |    4852 |  74.1 |     116 |      90 |  43.7
            +---------+---------+-------+---------+---------+-------
        D:1 |      29 |       0 |   0.0 |      15 |       0 |   0.0
        D:2 |     128 |     289 |  69.3 |      22 |       5 |  18.5
        D:3 |     120 |       0 |   0.0 |      36 |       0 |   0.0
        D:4 |     373 |       3 |   0.8 |      14 |       2 |  12.5
        D:5 |     517 |       0 |   0.0 |      20 |       0 |   0.0
        D:6 |     530 |     652 |  55.2 |       9 |      16 |  64.0
      Sewer |       0 |     645 | 100.0 |       0 |      28 | 100.0
     Bailey |       0 |    3263 | 100.0 |       0 |      39 | 100.0
            +---------+---------+-------+---------+---------+-------
